 Dungeon Crawl Stone Soup version 0.25.1-2-g60ff931df9 (webtiles) character file.

Game seed: 10150782842923546254

659371 DildoBatman the Petrodigitator (level 27, -5/198 HPs)
             Began as a Formicid Wizard on Aug 8, 2020.
             Was an Initiate of Gozag.
             Killed from afar by Putseg the pandemonium lord (50 damage)
             ... with a great icy blast
             ... on level 8 of a ziggurat.
             The game lasted 04:53:37 (62770 turns).

DildoBatman the Petrodigitator (Formicid Wizard)   Turns: 62770, Time: 04:53:37

Health: -5/198     AC: 36    Str: 16    XL:     27
Magic:  3/43       EV: 22    Int: 49    God:    Gozag
Gold:   14480      SH: 20    Dex: 20    Spells: 2/58 levels left

rFire    + + +     SeeInvis +   a - +10 great sword of War {freeze, rF+ Int+6 Dex+4 Stlth-}
rCold    + + .     Gourm    .   o - +0 tower shield
rNeg     + + +     Faith    .   k - +6 ring mail of a treasure trove {Harm rF+ Int+3 Slay+4}
rPois    ∞         Spirit   .   (helmet unavailable)
rElec    +         Reflect  .   A - +2 cloak {rCorr}
rCorr    +         Harm     +   n - +2 pair of gloves of Middeeb {rElec MR+ Str+4 Dex+2}
MR       +++++                  e - +2 pair of boots {run}
Stlth    ++++......             m - amulet of the Baking Spines {RegenMP Int+4 SInv}
HPRegen  0.43/turn              w - +4 ring of protection
MPRegen  0.53/turn              c - ring of Nocluud {Str-2 Int+7 Dex+5 SInv}

@: lich-form, resistant, frozen, gold aura, slow
A: permanent stasis, dig shafts and tunnels, four strong arms, antennae 3,
repulsion field 1, icy blue scales 1, camouflage 1, magic resistance 1, sturdy
frame 1
}: 4/15 runes: decaying, silver, golden, gossamer
a: Dig, Shaft Self, End Transformation, Potion Petition, Call Merchant, Bribe
Branch, Renounce Religion


You were on level 8 of a ziggurat.
You worshipped Gozag.
Gozag was extremely pleased with you.
You were not hungry.
You were a lich.
You visited 10 branches of the dungeon, and saw 46 of its levels.
You visited 1 ziggurat, and saw 8 of its levels.
You also visited: Trove, Sewer, Ice Cave and Desolation.

You collected 26535 gold pieces.
You spent 2904 gold pieces at shops.
You paid 9151 gold pieces to Gozag.

Inventory:

Hand Weapons
 a - the +10 great sword of War (weapon) {freeze, rF+ Int+6 Dex+4 Stlth-}
   (You took it off a yaktaur captain on level 5 of the Vaults)

   It has been specially enchanted to freeze those struck by it, causing extra
   injury to most foes and up to half again as much damage against particularly
   susceptible opponents.
   It can also slow down cold-blooded creatures.
   It affects your intelligence (+6).
   It affects your dexterity (+4).
   It protects you from fire.
   It makes you less stealthy.
Missiles
 b - 117 arrows
 y - 11 sling bullets
 G - 8 silver javelins
 I - 5 throwing nets (quivered)
Armour
 e - a +2 pair of boots of running (worn)
 k - the +6 ring mail of a treasure trove (worn) {Harm rF+ Int+3 Slay+4}
   (You bought it in a shop on level 2 of the Orcish Mines)

   It affects your intelligence (+3).
   It affects your accuracy and damage with ranged weapons and melee attacks
   (+4).
   It protects you from fire.
   It increases damage dealt and taken.
 n - the +2 pair of gloves of Middeeb (worn) {rElec MR+ Str+4 Dex+2}
   (You found it on level 3 of the Crypt)

   It affects your strength (+4).
   It affects your dexterity (+2).
   It insulates you from electricity.
   It affects your resistance to hostile enchantments.
 o - a +0 tower shield (worn)
 A - a +2 cloak of preservation (worn)
Jewellery
 c - the ring of Nocluud (right hand) {Str-2 Int+7 Dex+5 SInv}
   (You found it in the Desolation of Salt)

   [ring of see invisible]

   It affects your strength (-2).
   It affects your intelligence (+7).
   It affects your dexterity (+5).
   It lets you see invisible.
 m - the amulet of the Baking Spines (around neck) {RegenMP Int+4 SInv}
   (You found it in a treasure trove)

   [amulet of magic regeneration]

   It increases your magic regeneration.
   It affects your intelligence (+4).
   It lets you see invisible.
 r - the amulet of Sekoc {rPois Regen+ Str+2}
   (You found it on level 3 of the Crypt)

   [amulet of regeneration]

   It affects your strength (+2).
   It protects you from poison.
   It increases your rate of regeneration.
 w - a +4 ring of protection (left hand)
 F - the amulet of Fycea {RegenMP +Fly rF+}
   (You found it in a treasure trove)

   [amulet of magic regeneration]

   It increases your magic regeneration.
   It protects you from fire.
   It lets you fly.
 W - the ring "Gusisch" {Wiz MP+9}
   (You found it in the Desolation of Salt)

   [ring of wizardry]

   It improves your spell success rate.
   It affects your magic capacity (+9).
Wands
 i - a wand of acid (55)
 B - a wand of clouds (27)
 N - a wand of iceblast (57)
 Y - a wand of disintegration (56)
Scrolls
 d - a scroll of summoning {unknown}
 g - 3 scrolls of amnesia
 h - 4 scrolls of torment
 j - a scroll of acquirement
 q - 8 scrolls of immolation
 s - 11 scrolls of enchant armour
 x - 23 scrolls of remove curse
 z - 24 scrolls of identify
 C - a scroll of magic mapping
 J - 4 scrolls of holy word
 K - 10 scrolls of fog
Potions
 f - 4 potions of magic
 l - 16 potions of brilliance
 p - 19 potions of curing
 t - 14 potions of might
 u - a potion of invisibility
 D - 7 potions of ambrosia
 E - 8 potions of heal wounds
 L - 4 potions of cancellation
 R - 2 potions of mutation
 Z - 3 potions of resistance
Miscellaneous
 Q - 9 boxes of beasts
 S - a phantom mirror
 U - a phial of floods
 V - a lightning rod (4/4)
Comestibles
 v - 46 rations


   Skills:
 * Level 12.5 Fighting
 * Level 12.4 Armour
 * Level 10.3 Dodging
 * Level 9.9 Stealth
 * Level 16.8 Shields
 - Level 16.0 Spellcasting
 - Level 6.0 Conjurations
 * Level 3.4 Hexes
 - Level 6.0 Charms
 * Level 3.0 Summonings
 - Level 19.0 Necromancy
 - Level 0.8 Translocations
 - Level 19.0 Transmutations
 - Level 5.0 Fire Magic
 - Level 6.0 Ice Magic
 * Level 5.5 Air Magic
 O Level 27 Earth Magic
 * Level 8.0 Evocations


You had 2 spell levels left.
You knew the following spells:

 Your Spells              Type           Power        Failure   Level  Hunger
a - Borgnjor's Vile Clut  Necr/Erth      #########.   0%          5    N/A
b - Shatter               Erth           ########..   1%          9    N/A
c - Bolt of Magma         Conj/Fire/Erth ########..   1%          5    N/A
d - Necromutation         Tmut/Necr      ########..   1%          8    N/A
e - Dispel Undead         Necr           ########     0%          4    N/A
f - Darkness              Hex            ######....   24%         6    N/A
g - Ozocubu's Armour      Chrm/Ice       #######.     1%          3    N/A
h - Aura of Abjuration    Summ           ######....   5%          5    N/A
j - Tornado               Air            #######...   100%        9    N/A
z - Shroud of Golubria    Chrm/Tloc      ######       1%          2    N/A

Your spell library contained the following spells:

 Spells                   Type           Power        Failure   Level  Hunger
 Animate Skeleton         Necr           N/A          0%          1    N/A
 Beastly Appendage        Tmut           ######       0%          1    N/A
 Pain                     Necr           ####         0%          1    N/A
 Sandblast                Erth           ######       0%          1    N/A
 Sting                    Tmut/Pois      ####         0%          1    N/A
 Corpse Rot               Necr/Air       N/A          0%          2    N/A
 Passwall                 Tmut/Erth      ########     0%          2    N/A
 Sticks to Snakes         Tmut           ########     0%          2    N/A
 Sublimation of Blood     Necr           ########..   0%          2    N/A
 Apportation              Tloc           #####.       1%          1    N/A
 Corona                   Hex            ######.      1%          1    N/A
 Foxfire                  Conj/Fire      ####         1%          1    N/A
 Freeze                   Ice            ####         1%          1    N/A
 Infusion                 Chrm           ####         1%          1    N/A
 Magic Dart               Conj           ####         1%          1    N/A
 Shock                    Conj/Air       ####         1%          1    N/A
 Summon Butterflies       Summ           ######..     1%          1    N/A
 Summon Small Mammal      Summ           ####         1%          1    N/A
 Call Imp                 Summ           ######..     1%          2    N/A
 Ensorcelled Hibernation  Hex/Ice        ######       1%          2    N/A
 Poisonous Vapours        Pois/Air       ######       1%          2    N/A
 Searing Ray              Conj           ######       1%          2    N/A
 Slow                     Hex            ######..     1%          2    N/A
 Song of Slaying          Chrm           #######.     1%          2    N/A
 Stone Arrow              Conj/Erth      ######       0%          3    N/A
 Vampiric Draining        Necr           ########..   0%          3    N/A
 Leda's Liquefaction      Hex/Erth       ########..   0%          4    N/A
 Petrify                  Tmut/Erth      ########     0%          4    N/A
 Agony                    Necr           ########     0%          5    N/A
 Blade Hands              Tmut           ########..   0%          5    N/A
 Lee's Rapid Deconstruct  Erth           ########..   0%          5    N/A
 Statue Form              Tmut/Erth      ########.    0%          6    N/A
 Call Canine Familiar     Summ           ######..     1%          3    N/A
 Confusing Touch          Hex            ######..     1%          3    N/A
 Conjure Flame            Conj/Fire      #######.     1%          3    N/A
 Dazzling Flash           Conj/Hex       ######       1%          3    N/A
 Frozen Ramparts          Ice            ######       1%          3    N/A
 Gell's Gravitas          Tloc           #####.....   1%          3    N/A
 Ignite Poison            Fire/Tmut/Pois #######.     1%          3    N/A
 Lesser Beckoning         Tloc           #####.....   1%          3    N/A
 Mephitic Cloud           Conj/Pois/Air  ######..     1%          3    N/A
 Portal Projectile        Hex/Tloc       ######       1%          3    N/A
 Recall                   Summ/Tloc      N/A          1%          3    N/A
 Spectral Weapon          Hex/Chrm       ######..     1%          3    N/A
 Spider Form              Tmut/Pois      #######...   1%          3    N/A
 Static Discharge         Conj/Air       #######.     1%          3    N/A
 Summon Guardian Golem    Hex/Summ       ######..     1%          3    N/A
 Tukima's Dance           Hex            ######..     1%          3    N/A
 Cause Fear               Hex            ######....   1%          4    N/A
 Fulminant Prism          Conj/Hex       ######....   1%          4    N/A
 Hailstorm                Conj/Ice       #######.     1%          4    N/A
 Ice Form                 Ice/Tmut       ########     1%          4    N/A
 Iskenderun's Mystic Bla  Conj/Tloc      ######..     1%          4    N/A
 Summon Ice Beast         Ice/Summ       ######..     1%          4    N/A
 Summon Lightning Spire   Summ/Air       ######..     1%          4    N/A
 Alistair's Intoxication  Tmut/Pois      #######.     1%          5    N/A
 Irradiate                Conj/Tmut      ########..   1%          5    N/A
 Iskenderun's Battlesphe  Conj/Chrm      #######.     1%          5    N/A
 Yara's Violent Unravell  Hex/Tmut       #######...   1%          5    N/A
 Death Channel            Necr           ########..   1%          6    N/A
 Eringya's Noxious Bog    Tmut/Pois      #######...   1%          6    N/A
 Hydra Form               Tmut           ########..   1%          6    N/A
 Iron Shot                Conj/Erth      ########..   1%          6    N/A
 Simulacrum               Ice/Necr       ########..   1%          6    N/A
 Dragon Form              Tmut           ########..   1%          7    N/A
 Borgnjor's Revivificati  Necr           ########..   1%          8    N/A
 Infestation              Necr           ########..   1%          8    N/A
 Metabolic Englaciation   Hex/Ice        ######....   2%          5    N/A
 Silence                  Hex/Air        ######....   2%          5    N/A
 Passage of Golubria      Tloc           N/A          4%          4    N/A
 Summon Mana Viper        Hex/Summ       ######..     4%          5    N/A
 Summon Demon             Summ           ######....   5%          5    N/A
 Olgreb's Toxic Radiance  Pois           #####...     6%          4    N/A
 Haunt                    Necr/Summ      ########..   6%          7    N/A
 Summon Forest            Summ/Tloc      ######....   9%          5    N/A
 Freezing Cloud           Conj/Ice/Air   #######...   9%          6    N/A
 Ozocubu's Refrigeration  Ice            #######...   9%          6    N/A
 Conjure Ball Lightning   Conj/Air       #######...   10%         6    N/A
 Invisibility             Hex            ######..     24%         6    N/A
 Death's Door             Chrm/Necr      ########..   26%         8    N/A
 Shadow Creatures         Summ           N/A          28%         6    N/A
 Orb of Destruction       Conj           #######...   43%         7    N/A
 Dispersal                Tloc           #####.....   56%         6    N/A
 Spellforged Servitor     Conj/Summ      ######....   65%         7    N/A
 Summon Hydra             Summ           ######....   85%         7    N/A
 Discord                  Hex            ######....   100%        8    N/A
 Disjunction              Tloc           #####.....   100%        8    N/A
 Dragon's Call            Summ           ######....   100%        9    N/A
 Blink                    Tloc           Unusable     N/A         2    N/A
 Swiftness                Chrm/Air       Unusable     N/A         2    N/A
 Controlled Blink         Tloc           Unusable     N/A         8    N/A

Dungeon Overview and Level Annotations

Branches:
Dungeon (15/15)            Temple (1/1) D:4            Lair (6/6) D:9
  Swamp (4/4) Lair:2       Spider (4/4) Lair:2        Slime (0/5) Lair:6
    Orc (2/2) D:12            Elf (3/3) Orc:2        Vaults (5/5) D:13
  Crypt (3/3) Vaults:3       Tomb (3/3) Crypt:3      Depths (0/5) D:15
  Sewer (visited)           IceCv (visited)         Desolation (visited)

Altars:
Ashenzari
Cheibriados
Dithmenos
Elyvilon
Fedhas
Gozag
Hepliaklqana
Kikubaaqudgha
Makhleb
Nemelex Xobeh
Okawaru
Qazlal
Ru
Sif Muna
Trog
Uskayaw
Vehumet
Wu Jian
Xom
Yredelemnul
Zin
The Shining One
Beogh

Shops:
D:10 *   Orc:2 =(*[   Elf:3 *   Tomb:3 *=*[[


Innate Abilities, Weirdness & Mutations

You cannot be hasted, slowed, berserked, paralysed or teleported.
You can dig through walls and to a lower floor.
Your four strong arms can wield two-handed weapons with a shield.
You have a pair of large antennae on your head. (SInv)
You are surrounded by a mild repulsion field. (EV +2)
You are partially covered in icy blue scales. (AC +2)
Your skin changes colour to match your surroundings (Stealth+).
You are resistant to hostile enchantments. (MR+)
Your movements are slightly less encumbered by armour. (ER -2)


Message History

Putseg gestures at you.
Putseg conjures a mighty blast of ice!
The great icy blast engulfs you!!! You partially resist.
You are encased in ice. [a] - 464 gold - heal wounds, curing and magic [b] - 300 gold - resistance and heal wounds [c] - 105 gold - heal wounds Purchase which effect?
You feel protected.
You feel much better.
You are engulfed in freezing vapours.
You resist.
The zombie hands constrict Putseg.
Putseg gestures at you.
Putseg conjures a mighty blast of ice!
The great icy blast engulfs you!!! You partially resist.
You die...
Your body crumbles into a pile of gold.

▓▓▓▓▓▓▓▓▓▓▓
▓.......○°▓
▓▓▓▓......○..▓▓▓▓▓
.........☼§......▓
))!..#..○☼##.....▓
$?$...#○§☼§#○§...▓
∩$).$..&L§☼§○§...▓
>$:$$.$8☼§§○°§..∩▓
∩$=.....§☼☼☼○§...▓
?!(..#...☼°#○☼...▓
.... ##...#☼.☼...▓
... .......°....▓
▓▓ .........▓▓▓▓▓
▓.........▓
▓▓▓▓▓▓▓▓▓▓▓


You could see Putseg (clutched).

Vanquished Creatures
  4 ancient liches
  A pandemonium lord (Zig:3)
  23 greater mummies
  Saint Roka (Orc:2)
  5 golden dragons
  2 bone dragons (Crypt:3)
  A Tzitzimitl (Zig:8)
  A hellephant (Zig:2)
  2 tentacled monstrosities (Vaults:5)
  A titan (shapeshifter) (Vaults:5)
  5 liches
  5 titans
  2 deep elf blademasters (Elf:3)
  2 deep elf master archers (Elf:3)
  8 sphinxes
  11 ancient champions
  2 draconian monks (Zig:6)
  A storm dragon (Vaults:5)
  5 thorn hunters
  Donald (Elf:2)
  Roxanne (Elf:2)
  3 fire giants
  6 tengu reavers (Vaults:5)
  4 revenants
  3 shadow dragons
  3 imperial myrmidons (Desolation)
  5 deep elf sorcerers
  2 curse skulls
  5 frost giants
  5 ghost moths
  2 orc warlords
  15 vault wardens
  4 emperor scorpions
  Aizul (Swamp:3)
  5 deep elf elementalists (Elf:3)
  12 stone giants
  An angel (Zig:1)
  7 ghouls
  A draconian stormcaller (Zig:6)
  12 ironheart preservers
  A reaper (Crypt:2)
  3 war gargoyles
  8 very ugly things
  A blood saint (Zig:8)
  2 vampire knights (Vaults:3)
  2 corrupters (Zig:8)
  2 entropy weavers
  A red draconian (Zig:6)
  11 deep elf annihilators
  A spark wasp (Spider:4)
  A black draconian (Zig:6)
  2 halazid warlocks (Desolation)
  A yellow draconian (Zig:6)
  14 bennus
  6 deep elf demonologists
  9 ettins
  A crystal guardian (Desolation)
  2 blizzard demons
  11 deep elf death magi
  24 mummy priests
  A green death (Zig:3)
  6 ragged hierophants (Desolation)
  2 fire dragons
  3 eidola (Crypt:3)
  2 jiangshi (Crypt:1)
  2 great orbs of eyes
  3 deep elf high priests
  Josephine (D:11)
  14 yaktaur captains
  5 ice dragons
  A naga warrior (Zig:5)
  44 vault guards
  A rakshasa (Vaults:2)
  13 hydras
  Erolcha (D:10)
  Harold (Orc:1)
  2 servants of whispers (Desolation)
  13 peacekeepers
  2 catoblepae
  A ghost crab (Swamp:4)
  3 centaur warriors
  An alligator (shapeshifter) (Elf:2)
  A merfolk avatar (Lair:6)
  26 two-headed ogres
  11 alligators
  2 shambling mangroves (Swamp:2)
  7 death knights
  41 death scarabs
  A tengu warrior (D:15)
  8 vampire magi
  A two-headed ogre (shapeshifter) (D:13)
  A titan zombie (Crypt:3)
  7 ogre magi
  3 orc high priests
  3 death yaks
  15 deep elf knights
  A shock serpent (Zig:5)
  Nergalle (D:12)
  3 soul eaters
  2 titan skeletons (Crypt:3)
  A wretched star (Zig:2)
  A fire crab (shapeshifter) (D:13)
  A sixfirhy (Zig:8)
  54 skeletal warriors
  3 storm dragon skeletons
  A spriggan druid (Swamp:4)
  4 unseen horrors
  4 shadow wraiths
  A golden dragon zombie (D:15)
  A sea snake (Lair:6)
  3 deep trolls
  12 flayed ghosts
  2 anaconda zombies (Crypt:2)
  3 swamp dragons
  A naga ritualist (Zig:5)
  A tengu zombie (Zig:4)
  An anaconda skeleton (Crypt:3)
  An iron giant skeleton (Crypt:3)
  23 deep elf archers
  21 ironbrand convokers
  5 orange crystal statues
  10 phantasmal warriors
  5 wizards
  8 necromancers
  6 obsidian statues
  A harpy (shapeshifter) (Vaults:1)
  2 harpies (Lair:6)
  33 wolf spiders
  56 deep elf magi
  A fire giant zombie (D:15)
  A shadow dragon skeleton (Crypt:3)
  12 orc knights
  An iron dragon zombie (Zig:4)
  14 orb spiders
  2 manticores
  33 ugly things
  A salamander (Zig:5)
  9 orc sorcerers
  A stone giant zombie (Vaults:3)
  A salamander (shapeshifter) (D:15)
  3 cyclopes
  2 cyclopes (shapeshifter) (Vaults:5)
  An iron dragon skeleton (Crypt:3)
  5 elephants
  2 moths of wrath
  A guardian serpent (shapeshifter) (Vaults:5)
  A spriggan zombie (D:15)
  Joseph (D:7)
  13 vault sentinels
  5 stone giant skeletons
  A water nymph (shapeshifter) (Vaults:5)
  2 guardian serpents (Desolation)
  An eye of devastation (Lair:6)
  2 ice statues
  6 black mambas
  A fire giant skeleton (Crypt:3)
  A gargoyle (D:10)
  A rust devil (Zig:8)
  A large abomination (Zig:3)
  A storm dragon simulacrum (Crypt:3)
  2 torpor snails
  A molten gargoyle (Desolation)
  5 centaur skeletons
  A black mamba (shapeshifter) (D:13)
  12 spiny frogs
  3 frost giant skeletons
  A dire elephant skeleton (Crypt:3)
  A rime drake (shapeshifter) (Vaults:4)
  8 komodo dragons
  10 demonic crawlers
  A shock serpent skeleton (Crypt:3)
  A kobold demonologist (D:11)
  18 freezing wraiths
  54 yaktaurs
  5 rime drakes
  51 guardian mummies
  2 human skeletons
  3 efreet
  2 tengu conjurers (D:13)
  39 jumping spiders
  A jumping spider (shapeshifter) (Vaults:3)
  17 trolls
  A meliai (shapeshifter) (D:13)
  A death drake zombie (Crypt:3)
  4 hydra zombies
  A harpy zombie (Tomb:1)
  16 polar bears
  A troll (shapeshifter) (Elf:2)
  Grinder (Sewer)
  25 hornets
  A wind drake (shapeshifter) (Vaults:4)
  An ettin zombie (Crypt:3)
  A blink frog (shapeshifter) (Vaults:4)
  2 hydra skeletons
  2 harpy skeletons
  15 bog bodies
  48 saltlings (Desolation)
  16 blink frogs
  2 meliai zombies (D:15)
  7 tyrant leeches
  A fire giant simulacrum (Crypt:3)
  23 slime creatures
  7 hippogriffs
  An ice dragon skeleton (Crypt:3)
  39 flying skulls
  A human simulacrum (Vaults:3)
  29 tarantellas
  17 ushabtiu
  73 redbacks
  2 ettin skeletons
  20 wraiths
  2 air elementals (Elf:2)
  3 water elementals
  A black mamba zombie (Lair:4)
  3 spriggans
  2 vampires
  5 wyverns
  A yak (shapeshifter) (Vaults:5)
  8 shadows
  68 yaks
  2 fire elementals
  3 hogs (D:10)
  A human (D:10)
  A golden eye (shapeshifter) (Zig:1)
  A steam dragon (D:11)
  A basilisk (shapeshifter) (Vaults:2)
  A hungry ghost (D:10)
  11 vampire mosquitoes
  3 swamp worm simulacra (Swamp:4)
  A yaktaur simulacrum (Vaults:3)
  A monstrous demonspawn zombie (Crypt:2)
  Menkaure (D:5)
  5 wargs
  2 acid dragons
  A naga (Zig:5)
  15 swamp worms
  10 insubstantial wisps
  Edmund (D:5)
  15 hydra simulacra (Swamp:4)
  A soldier ant (D:15)
  3 spiny frog zombies
  5 porcupines
  11 water moccasins
  An orb spider zombie (Crypt:3)
  12 swamp drakes
  A gelid demonspawn skeleton (Crypt:3)
  41 orc warriors
  2 snapping turtle zombies
  3 phantoms
  4 sky beasts
  A blink frog zombie (Lair:1)
  4 eyes of draining
  A black bear (shapeshifter) (Vaults:3)
  A human zombie (Vaults:3)
  5 ice beasts
  13 necrophages
  25 ogres
  A torpor snail zombie (Lair:4)
  16 wolves (IceCv)
  9 boggarts (Vaults:3)
  3 snapping turtle skeletons
  2 swamp dragon skeletons
  15 centaurs
  11 crocodiles
  13 rime drake zombies (IceCv)
  A hog skeleton (Crypt:3)
  2 komodo dragon zombies (Lair:4)
  2 big kobolds (D:11)
  7 rime drake skeletons
  A yaktaur zombie (Crypt:1)
  15 bullfrogs
  6 earth elementals
  An ogre simulacrum (Vaults:1)
  3 komodo dragon skeletons
  A spiny frog simulacrum (Crypt:2)
  4 water moccasin zombies
  7 scorpions
  2 polar bear zombies
  2 water moccasin skeletons (Lair:1)
  2 snapping turtle simulacra
  17 wights
  2 yak skeletons
  2 polar bear skeletons
  2 spriggan skeletons
  4 howler monkeys
  2 electric eels
  6 crimson imps
  A wolf skeleton (Crypt:1)
  A soldier ant zombie (Crypt:1)
  3 quasits
  4 centaur zombies
  10 hounds
  7 bullfrog zombies
  21 orc priests
  3 bullfrog skeletons
  22 orc wizards
  Natasha (thrice) (D:1)
  4 iguanas
  15 worker ants
  A crocodile zombie (Lair:4)
  4 big kobold zombies (Sewer)
  A demigod skeleton (Crypt:2)
  35 mummies
  A howler monkey skeleton (D:9)
  11 adders
  4 shadow imps
  2 ufetubi (Sewer)
  An ooze (D:4)
  5 swamp drake simulacra (Swamp:4)
  An adder skeleton (D:7)
  2 adder zombies
  5 worms
  2 dart slugs
  9 leopard geckos
  112 orcs
  5 ball pythons
  5 giant cockroaches
  10 goblins
  8 hobgoblins
  17 jackals
  5 quokkas
  A ball python skeleton (Crypt:1)
  11 bats
  4 frilled lizards
  A jackal skeleton (D:8)
  37 kobolds
  A kobold zombie (Tomb:3)
  A leopard gecko skeleton (D:7)
  A leopard gecko zombie (D:5)
  An orc skeleton (Crypt:3)
  An orc zombie (Crypt:3)
  A quokka skeleton (D:7)
  11 rats
  A rat zombie (Crypt:1)
  A spectral orc (D:3)
  2 briar patches (Swamp:3)
  A bush (D:13)
  2 butterflies (Lair:5)
  3 fungi
  A plant (D:13)
2413 creatures vanquished.

Vanquished Creatures (collateral kills)
  An orb spider (Spider:4)
  5 redbacks
6 creatures vanquished.

Vanquished Creatures (others)
  A Brimstone Fiend (Zig:8)
  A tengu reaver (Vaults:5)
  28 dancing weapons
  A wizard (D:11)
  A deep elf mage (Elf:2)
  A saltling (Desolation)
  3 redbacks
  2 tarantellas
  An insubstantial wisp (Swamp:4)
  An ogre (Vaults:5)
  A briar patch (Swamp:3)
  34 fungi
  16 plants (Lair:6)
  5 toadstools (D:1)
96 creatures vanquished.

Grand Total: 2515 creatures vanquished

Notes
Turn   | Place    | Note
-------+----------+-------------------------------------------
     0 | D:1      | DildoBatman the Formicid Wizard began the quest for the
                  | Orb.
     0 | D:1      | Reached XP level 1. HP: 13/13 MP: 4/4
    19 | D:1      | Reached skill level 1 in Conjurations
   229 | D:1      | Reached XP level 2. HP: 12/19 MP: 4/6
   554 | D:1      | Reached XP level 3. HP: 24/24 MP: 4/7
   562 | D:1      | Learned a level 3 spell: Conjure Flame
   566 | D:1      | Learned a level 3 spell: Mephitic Cloud
  1064 | D:2      | Noticed Natasha
  1265 | D:2      | Reached XP level 4. HP: 15/30 MP: 5/8
  2227 | D:3      | Reached XP level 5. HP: 16/35 MP: 1/9
  2847 | D:3      | Noticed a centaur
  2865 | D:3      | Killed a centaur
  2865 | D:3      | Reached skill level 5 in Conjurations
  2865 | D:3      | Reached skill level 1 in Fire Magic
  2865 | D:3      | Reached XP level 6. HP: 6/41 MP: 5/10
  2940 | D:3      | Found a basalt altar of Yredelemnul.
  2971 | D:3      | Found a blossoming altar of Fedhas.
  2971 | D:3      | Found a stormy altar of Qazlal.
  2971 | D:3      | Found a shadowy altar of Dithmenos.
  2973 | D:3      | Found a sacrificial altar of Ru.
  2977 | D:3      | Found a glowing silver altar of Zin.
  2996 | D:3      | Reached skill level 1 in Air Magic
  3598 | D:4      | Reached XP level 7. HP: 18/46 MP: 6/11
  3862 | D:4      | Found a staircase to the Ecumenical Temple.
  3878 | Temple   | Entered the Ecumenical Temple
  4088 | Temple   | Became a worshipper of Kikubaaqudgha
  4284 | D:4      | Found a burning altar of Makhleb.
  4696 | D:1      | Killed Natasha
  4808 | D:1      | Noticed Natasha
  4818 | D:1      | Killed Natasha
  5016 | D:1      | Noticed Natasha
  5053 | D:1      | Killed Natasha
  5118 | D:5      | Entered Level 5 of the Dungeon
  5131 | D:5      | Noticed Menkaure
  5305 | D:5      | Found a glowing drain.
  5344 | D:5      | Reached XP level 8. HP: 40/52 MP: 2/12
  5436 | Sewer    | Entered a sewer
  5565 | Sewer    | Reached * piety under Kikubaaqudgha
  5565 | Sewer    | Identified Kikubaaqudgha's Compendium of Necromancy
                  | (Kikubaaqudgha gifted it to you in a sewer)
  5565 | Sewer    | Received a gift from Kikubaaqudgha
  5806 | Sewer    | Found an ancient bone altar of Kikubaaqudgha.
  6092 | Sewer    | Noticed Grinder
  6111 | Sewer    | Killed Grinder
  6241 | Sewer    | Reached skill level 5 in Fire Magic
  6425 | D:5      | Noticed Edmund
  6459 | D:5      | Killed Edmund
  6614 | D:5      | Killed Menkaure
  6614 | D:5      | Reached skill level 5 in Air Magic
  6614 | D:5      | Reached skill level 1 in Fighting
  6614 | D:5      | Reached skill level 1 in Armour
  6614 | D:5      | Reached XP level 9. HP: 16/59 MP: 4/13
  7019 | D:6      | Reached ** piety under Kikubaaqudgha
  7671 | D:7      | Found a hazy altar of Hepliaklqana.
  7679 | D:7      | Noticed Joseph
  7772 | D:7      | Killed Joseph
  8045 | D:7      | Noticed a hippogriff
  8058 | D:7      | Killed a hippogriff
  8315 | D:7      | Reached XP level 10. HP: 70/73 MP: 7/14
  8442 | D:8      | Found a basalt altar of Yredelemnul.
  8478 | D:8      | Reached *** piety under Kikubaaqudgha
  8478 | D:8      | Identified Kikubaaqudgha's Reference Book on Necromancy
                  | (Kikubaaqudgha gifted it to you on level 8 of the Dungeon)
  8478 | D:8      | Received a gift from Kikubaaqudgha
  8510 | D:8      | Reached skill level 1 in Necromancy
  8539 | D:8      | Noticed a two-headed ogre
  9077 | D:8      | Learned a level 5 spell: Borgnjor's Vile Clutch
  9081 | D:8      | Learned a level 3 spell: Vampiric Draining
  9090 | D:8      | Found a sparkling altar of Nemelex Xobeh.
  9174 | D:8      | Reached skill level 1 in Earth Magic
  9290 | D:8      | Killed a two-headed ogre
  9290 | D:8      | Reached skill level 5 in Necromancy
  9290 | D:8      | Reached skill level 3 in Earth Magic
  9611 | D:9      | Reached skill level 4 in Earth Magic
  9813 | D:9      | Reached **** piety under Kikubaaqudgha
  9880 | D:9      | Reached skill level 5 in Earth Magic
 10021 | D:9      | Reached XP level 11. HP: 67/78 MP: 1/15
 10029 | D:9      | Reached skill level 6 in Earth Magic
 10255 | D:9      | Reached skill level 7 in Earth Magic
 10371 | D:9      | Found a staircase to the Lair.
 10563 | D:10     | Entered Level 10 of the Dungeon
 10637 | D:10     | Noticed a two-headed ogre
 10639 | D:10     | Noticed Erolcha
 11055 | D:10     | Reached ***** piety under Kikubaaqudgha
 11055 | D:10     | Reached skill level 8 in Earth Magic
 11057 | D:10     | Killed Erolcha
 11137 | D:10     | Killed a two-headed ogre
 11501 | D:10     | Reached skill level 9 in Earth Magic
 11674 | D:10     | Found Judamak's Assorted Antiques.
 11677 | D:10     | Bought a gluggy blue potion for 17 gold pieces
 11677 | D:10     | Bought a fuming silvery potion for 17 gold pieces
 11677 | D:10     | Bought a scroll of identify for 38 gold pieces
 11878 | D:11     | Reached skill level 5 in Spellcasting
 12044 | D:11     | Reached XP level 12. HP: 52/84 MP: 13/20
 12111 | D:11     | Learned a level 2 spell: Sublimation of Blood
 12116 | D:11     | Learned a level 4 spell: Dispel Undead
 12335 | D:11     | Noticed Josephine
 12351 | D:11     | Killed Josephine
 12351 | D:11     | Reached skill level 5 in Fighting
 12351 | D:11     | Reached skill level 5 in Armour
 12431 | D:11     | Reached skill level 5 in Dodging
 12722 | D:11     | Found a bloodstained altar of Trog.
 13167 | D:11     | Noticed a death yak
 13198 | D:11     | Killed a death yak
 13293 | D:12     | Noticed a two-headed ogre
 13312 | D:12     | Noticed a two-headed ogre
 13339 | D:12     | Killed a two-headed ogre
 13340 | D:12     | Killed a two-headed ogre
 13450 | D:12     | Reached ****** piety under Kikubaaqudgha
 13478 | D:11     | Received a gift from Kikubaaqudgha
 13482 | D:11     | Fell from the grace of Kikubaaqudgha
 13660 | Temple   | Became a worshipper of Gozag Ym Sagoz the Greedy
 13888 | D:12     | Reached XP level 13. HP: 65/96 MP: 12/23
 14159 | D:12     | Noticed Nergalle
 14167 | D:12     | Killed Nergalle
 14394 | D:12     | Found a staircase to the Orcish Mines.
 14476 | D:12     | Found a white marble altar of Elyvilon.
 14716 | Lair:1   | Entered Level 1 of the Lair of Beasts
 14879 | Lair:1   | Noticed a six-headed hydra
 14897 | Lair:1   | Killed a six-headed hydra
 15804 | Lair:2   | Noticed a seven-headed hydra
 15810 | Lair:2   | Noticed a catoblepas
 15813 | Lair:2   | Killed a seven-headed hydra
 15830 | Lair:2   | Killed a catoblepas
 15999 | Lair:2   | Found a hole to the Spider Nest.
 17058 | Lair:2   | Noticed a six-headed hydra
 17071 | Lair:2   | Killed a six-headed hydra
 17357 | Lair:2   | Found a staircase to the Swamp.
 18991 | Lair:4   | Found a frozen archway.
 19016 | IceCv    | Entered an ice cave
 19020 | IceCv    | Gained mutation: Your mind is acute. (Int +2) [potion of
                  | mutation]
 19020 | IceCv    | Gained mutation: You are clumsy. (Dex -2) [potion of
                  | mutation]
 19020 | IceCv    | Gained mutation: Your mind is very acute. (Int +4) [potion
                  | of mutation]
 19020 | IceCv    | Gained mutation: You have large cloven feet. [potion of
                  | mutation]
 19021 | IceCv    | Lost mutation: You are clumsy. (Dex -2) [potion of
                  | mutation]
 19021 | IceCv    | Lost mutation: Your mind is very acute. (Int +4) [potion of
                  | mutation]
 19021 | IceCv    | Gained mutation: You are resistant to hostile enchantments.
                  | (MR+) [potion of mutation]
 19021 | IceCv    | Gained mutation: Your skin changes colour to match your
                  | surroundings (Stealth+). [potion of mutation]
 19185 | IceCv    | Reached skill level 10 in Fighting
 19195 | IceCv    | Reached skill level 10 in Armour
 19266 | IceCv    | Reached XP level 14. HP: 81/110 MP: 7/25
 20728 | IceCv    | Noticed a frost giant
 20742 | IceCv    | Killed a frost giant
 20742 | IceCv    | Reached skill level 10 in Spellcasting
 22513 | Lair:6   | Entered Level 6 of the Lair of Beasts
 23842 | Lair:6   | Reached XP level 15. HP: 107/115 MP: 12/31
 24215 | Lair:6   | Was forgiven by Kikubaaqudgha
 24594 | Lair:6   | Found a staircase to the Slime Pits.
 24890 | D:9      | Lost mutation: Your mind is acute. (Int +2) [potion of
                  | mutation]
 24890 | D:9      | Lost mutation: You are resistant to hostile enchantments.
                  | (MR+) [potion of mutation]
 24890 | D:9      | Gained mutation: You are robust. (+10% HP) [potion of
                  | mutation]
 24890 | D:9      | Gained mutation: You are partially covered in large bone
                  | plates. (SH +4) [potion of mutation]
 24891 | D:9      | Lost mutation: You have large cloven feet. [potion of
                  | mutation]
 24891 | D:9      | Lost mutation: You are partially covered in large bone
                  | plates. (SH +4) [potion of mutation]
 24891 | D:9      | Lost mutation: You are robust. (+10% HP) [potion of
                  | mutation]
 24891 | D:9      | Gained mutation: You are frail. (-10% HP) [potion of
                  | mutation]
 24891 | D:9      | Gained mutation: Scrolls take you a little longer to read.
                  | [potion of mutation]
 24891 | D:9      | Gained mutation: Your movements are slightly less
                  | encumbered by armour. (ER -2) [potion of mutation]
 25028 | Orc:1    | Entered Level 1 of the Orcish Mines
 25195 | Orc:1    | Found a roughly hewn altar of Beogh.
 25464 | Orc:1    | Noticed Harold
 25490 | Orc:1    | Killed Harold
 25800 | Orc:2    | Entered Level 2 of the Orcish Mines
 25800 | Orc:2    | Found a staircase to the Elven Halls.
 25853 | Orc:2    | Found Wysat's Antique Armour Shoppe.
 26241 | Orc:2    | Found Vofabett's General Store.
 26243 | Orc:2    | Noticed Saint Roka
 26294 | Orc:2    | Killed Saint Roka
 26379 | Orc:2    | Noticed an orc warlord
 26676 | Orc:2    | Noticed an orc warlord
 27169 | Orc:1    | Killed an orc warlord
 27169 | Orc:1    | Reached skill level 15 in Spellcasting
 27633 | Orc:2    | Bought a scroll of enchant armour for 112 gold pieces
 28051 | Orc:2    | Killed an orc warlord
 28125 | Orc:2    | Found Zati Iru's Jewellery Shop.
 28240 | Orc:2    | Found Weffiqot's Antique Weapon Emporium.
 28566 | D:10     | Bought a polished halberd for 171 gold pieces
 28566 | D:10     | Bought a wand of acid (10) for 152 gold pieces
 28677 | Orc:2    | Bought a scorched ring mail for 243 gold pieces
 28687 | Orc:2    | Identified the +6 ring mail of a treasure trove {Harm rF+
                  | Int+3 Slay+4} (You bought it in a shop on level 2 of the
                  | Orcish Mines)
 28687 | Orc:2    | Bought a glimmering scale mail for 243 gold pieces
 28697 | Orc:2    | Identified the +0 scale mail "Ziazado" {rElec Str-4 Dex+4}
                  | (You bought it in a shop on level 2 of the Orcish Mines)
 28710 | Orc:2    | Identified the cursed +0 halberd "Bames" {venom, rElec
                  | rPois Int-4} (You bought it in a shop on level 10 of the
                  | Dungeon)
 28771 | Orc:2    | Bought the amulet of the Four Winds {rN+ MR+++ Clar} for
                  | 482 gold pieces
 28771 | Orc:2    | Found the amulet of the Four Winds {rN+ MR+++ Clar}
 28771 | Orc:2    | Bought a +4 ring of evasion for 396 gold pieces
 28771 | Orc:2    | Bought a +4 ring of protection for 396 gold pieces
 29343 | D:13     | Reached XP level 16. HP: 91/109 MP: 16/35
 29420 | D:13     | Found a blossoming altar of Fedhas.
 29495 | D:13     | Reached skill level 5 in Shields
 29663 | D:13     | Found a gate to the Vaults.
 30428 | D:14     | Found a shadowy altar of Dithmenos.
 30544 | D:15     | Entered Level 15 of the Dungeon
 30790 | D:15     | Found a staircase to the Depths.
 30794 | D:15     | Reached skill level 10 in Shields
 31502 | D:15     | Found a glowing golden altar of the Shining One.
 31754 | D:15     | Got a buzzing falchion
 31755 | D:15     | Identified the +9 falchion "Hipoess" {flame, rPois rN+ MR+
                  | Int+4} (You found it on level 15 of the Dungeon)
 31952 | Swamp:1  | Entered Level 1 of the Swamp
 31954 | Swamp:1  | Noticed a thorn hunter
 32021 | Spider:1 | Entered Level 1 of the Spider Nest
 32181 | Spider:1 | Got a crude flail
 32182 | Spider:1 | Identified the +5 flail "Gudiaz" {antimagic, rF+++ Str-5}
                  | (You found it on level 1 of the Spider Nest)
 33050 | Spider:2 | Reached XP level 17. HP: 69/115 MP: 9/37
 33671 | Spider:2 | Identified the Reference Book on Noxious Clay
 34030 | Spider:3 | Reached skill level 15 in Shields
 34089 | Spider:3 | Reached skill level 10 in Earth Magic
 34358 | Spider:3 | Reached skill level 11 in Earth Magic
 34842 | Spider:4 | Entered Level 4 of the Spider Nest
 34914 | Spider:4 | Reached skill level 12 in Earth Magic
 35343 | Spider:4 | Reached skill level 13 in Earth Magic
 35473 | Spider:4 | Reached XP level 18. HP: 99/120 MP: 25/38
 35482 | Spider:4 | Reached skill level 14 in Earth Magic
 35860 | Spider:4 | Got a gossamer rune of Zot
 36300 | Swamp:1  | Reached skill level 15 in Earth Magic
 36859 | Swamp:1  | Learned a level 5 spell: Bolt of Magma
 36866 | Swamp:1  | Learned a level 6 spell: Statue Form
 36876 | Swamp:1  | Learned a level 9 spell: Shatter
 37168 | Swamp:2  | Reached skill level 16 in Earth Magic
 37251 | Swamp:2  | Lost mutation: You are frail. (-10% HP) [potion of
                  | mutation]
 37251 | Swamp:2  | Lost mutation: Scrolls take you a little longer to read.
                  | [potion of mutation]
 37251 | Swamp:2  | Gained mutation: You occasionally shout uncontrollably at
                  | your foes. [potion of mutation]
 37251 | Swamp:2  | Gained mutation: Your natural rate of healing is unusually
                  | fast. [potion of mutation]
 37482 | Swamp:2  | Got a smelly leather armour
 37654 | Swamp:2  | Identified the +3 leather armour of Peek-a-Boo {rCorr} (You
                  | found it on level 2 of the Swamp)
 37766 | Swamp:3  | Noticed Aizul
 37774 | Swamp:3  | Killed Aizul
 38282 | Swamp:3  | Reached skill level 17 in Earth Magic
 38657 | Swamp:4  | Entered Level 4 of the Swamp
 39024 | Swamp:4  | Reached XP level 19. HP: 103/140 MP: 10/39
 39171 | Swamp:4  | Reached skill level 18 in Earth Magic
 39937 | Swamp:4  | Reached skill level 10 in Necromancy
 40089 | Swamp:4  | Got a decaying rune of Zot
 40357 | Vaults:1 | Entered Level 1 of the Vaults
 40408 | Vaults:1 | Reached skill level 1 in Transmutations
 41338 | Vaults:2 | Found a ruined gateway.
 41569 | Vaults:2 | Reached skill level 5 in Transmutations
 41681 | Desolati | Entered the Desolation of Salt
 41691 | Desolati | Learned a level 1 spell: Magic Dart
 42411 | Desolati | Reached XP level 20. HP: 143/147 MP: 29/40
 42591 | Desolati | Identified the Reference Book on the Quantum Glacier
 42766 | Desolati | Got a clouded tin amulet
 42768 | Desolati | Got a masterwork short sword
 42981 | Desolati | Found the +9 scales of the Dragon King {rPois rF+ rC+ MR+}
 42996 | Desolati | Got a sparkling sapphire amulet
 43018 | Desolati | Identified the +3 short sword "Ymafiest" {speed, +Blink MR-
                  | Int+10 Dex-3} (You found it in the Desolation of Salt)
 43024 | Desolati | Identified the amulet "Piwk" {Acrobat Str-3 Dex+4} (You
                  | found it in the Desolation of Salt)
 43028 | Desolati | Identified the amulet "Duviri" {Spirit rC- rN++ Int+10
                  | Dex-4} (You found it in the Desolation of Salt)
 43055 | Desolati | Got a brightly glowing glass ring
 43071 | Desolati | Got a scintillating platinum ring
 43503 | Vaults:2 | Reached skill level 10 in Transmutations
 43687 | Vaults:2 | Found a portal to a secret trove of treasure.
 44159 | Vaults:2 | Identified the ring of Nocluud {Str-2 Int+7 Dex+5 SInv}
                  | (You found it in the Desolation of Salt)
 44161 | Vaults:2 | Identified the ring "Gusisch" {Wiz MP+9} (You found it in
                  | the Desolation of Salt)
 44234 | Vaults:1 | Learned a level 2 spell: Shroud of Golubria
 44238 | Vaults:1 | Learned a level 3 spell: Ozocubu's Armour
 44247 | Vaults:1 | Learned a level 8 spell: Necromutation
 44805 | Vaults:3 | Reached XP level 21. HP: 152/153 MP: 27/41
 45138 | Vaults:3 | Found a staircase to the Crypt.
 45591 | Vaults:3 | Reached skill level 15 in Necromancy
 46719 | Vaults:4 | Reached XP level 22. HP: 119/159 MP: 6/42
 47072 | Elf:1    | Entered Level 1 of the Elven Halls
 47853 | Elf:2    | Identified Roxanne's Catalogue of the Mountains
 47853 | Elf:2    | Noticed Roxanne
 47874 | Elf:2    | Noticed Donald
 47891 | Elf:2    | Killed Donald
 47891 | Elf:2    | Reached skill level 15 in Transmutations
 48005 | Elf:2    | Killed Roxanne
 48473 | Elf:2    | Found a runed translucent gate.
 48473 | Elf:2    | Found a runed translucent gate.
 48474 | Elf:2    | Found a runed translucent gate.
 48959 | Elf:3    | Entered Level 3 of the Elven Halls
 49449 | Elf:3    | Found Uvodoz's General Store.
 49458 | Elf:3    | Bought the +1 pair of gloves of the Dragon {Int+3 Slay+3}
                  | for 637 gold pieces
 49682 | Elf:3    | Reached XP level 23. HP: 139/165 MP: 30/43
 49738 | Elf:3    | Identified the +2 scale mail "Puoman" {Dex+5}
 49767 | Elf:3    | Reached skill level 1 in Ice Magic
 49769 | Elf:3    | Reached skill level 1 in Charms
 50822 | Crypt:1  | Entered Level 1 of the Crypt
 51982 | Crypt:2  | Reached skill level 5 in Ice Magic
 52164 | Crypt:2  | Reached skill level 5 in Charms
 52582 | Crypt:3  | Entered Level 3 of the Crypt
 52651 | Crypt:3  | Reached XP level 24. HP: 162/172 MP: 27/43
 53079 | Crypt:3  | Identified the +7 great sword "Ylafure" {flame, rElec rC+
                  | MR++ Stlth-}
 53427 | Crypt:3  | Found a staircase to the Tomb.
 53542 | Crypt:3  | Found an ancient bone altar of Kikubaaqudgha.
 53551 | Crypt:3  | Found the +8 demon blade "Leech" {vamp, *Rage +Rage rN+}
 53646 | Crypt:3  | Noticed an ancient lich
 53657 | Crypt:3  | Killed an ancient lich
 53689 | Crypt:3  | Got a pair of transparent gloves
 53690 | Crypt:3  | Identified the Almanac of Boosts
 53944 | Crypt:3  | Got a crude golden amulet
 53956 | Crypt:3  | Identified the +2 pair of gloves of Middeeb {rElec MR+
                  | Str+4 Dex+2} (You found it on level 3 of the Crypt)
 53958 | Crypt:3  | Identified the amulet of Sekoc {rPois Regen+ Str+2} (You
                  | found it on level 3 of the Crypt)
 53962 | Crypt:3  | Got a twitching copper ring
 53965 | Crypt:3  | Identified the ring of Geosaw {rElec rN+ MR- Dex+4} (You
                  | found it on level 3 of the Crypt)
 54293 | Tomb:1   | Entered Level 1 of the Tomb of the Ancients
 54323 | Tomb:1   | Identified a scroll of acquirement
 54523 | Vaults:2 | You paid a toll of 7 scrolls of fear to enter a treasure
                  | trove
 54524 | Trove    | Entered a treasure trove
 54559 | Trove    | Got a steaming diamond amulet
 54561 | Trove    | Got a serpentine golden amulet
 54640 | Vaults:2 | Identified the amulet of the Baking Spines {RegenMP Int+4
                  | SInv} (You found it in a treasure trove)
 54642 | Vaults:2 | Identified the amulet of Fycea {RegenMP +Fly rF+} (You
                  | found it in a treasure trove)
 54643 | Vaults:2 | Reached XP level 25. HP: 177/177 MP: 43/43
 54644 | Vaults:2 | Reached skill level 19 in Earth Magic
 54644 | Vaults:2 | Reached XP level 26. HP: 184/184 MP: 43/43
 55168 | Tomb:1   | Reached skill level 20 in Earth Magic
 55356 | Tomb:1   | Noticed a greater mummy
 55364 | Tomb:1   | Killed a greater mummy
 55364 | Tomb:1   | Reached XP level 27. HP: 181/190 MP: 21/43
 55681 | Tomb:1   | Reached skill level 21 in Earth Magic
 55814 | Tomb:1   | Got a scorched plate armour
 55941 | Tomb:1   | Identified the +1 plate armour "Faecryng" {rCorr} (You
                  | found it on level 1 of the Tomb of the Ancients)
 56056 | Tomb:1   | Noticed a greater mummy
 56068 | Tomb:1   | Killed a greater mummy
 56068 | Tomb:1   | Noticed a greater mummy
 56071 | Tomb:1   | Killed a greater mummy
 56126 | Tomb:1   | Noticed a greater mummy
 56128 | Tomb:1   | Noticed a greater mummy
 56132 | Tomb:1   | Noticed a greater mummy
 56134 | Tomb:1   | Killed a greater mummy
 56135 | Tomb:1   | Killed a greater mummy
 56142 | Tomb:1   | Killed a greater mummy
 56201 | Tomb:1   | Reached skill level 22 in Earth Magic
 56247 | Tomb:1   | Noticed a greater mummy
 56255 | Tomb:1   | Killed a greater mummy
 56282 | Tomb:1   | Noticed a greater mummy
 56285 | Tomb:1   | Noticed a greater mummy
 56289 | Tomb:1   | Killed a greater mummy
 56295 | Tomb:1   | Killed a greater mummy
 56476 | Tomb:1   | Noticed a greater mummy
 56483 | Tomb:1   | Killed a greater mummy
 56511 | Tomb:1   | Noticed a greater mummy
 56520 | Tomb:1   | Killed a greater mummy
 56977 | Vaults:5 | Entered Level 5 of the Vaults
 56980 | Vaults:5 | Noticed an ancient lich
 56983 | Vaults:5 | Reached skill level 23 in Earth Magic
 56987 | Vaults:5 | Killed an ancient lich
 57140 | Vaults:5 | Reached skill level 24 in Earth Magic
 57306 | Vaults:5 | Reached skill level 25 in Earth Magic
 57307 | Vaults:5 | Identified the +10 great sword of War {freeze, rF+ Int+6
                  | Dex+4 Stlth-}
 57432 | Vaults:5 | Reached skill level 26 in Earth Magic
 57788 | Vaults:5 | Identified the +4 plate armour of Pathos {Dex+3 Stlth+}
 57816 | Vaults:5 | Identified the +5 battleaxe of True Grit {flame, rElec rF-
                  | Dex+5}
 57914 | Vaults:5 | Reached skill level 27 in Earth Magic
 57918 | Vaults:5 | Learned a level 2 spell: Corpse Rot
 58006 | Vaults:5 | Noticed an ancient lich
 58015 | Vaults:5 | Killed an ancient lich
 58015 | Vaults:5 | Reached skill level 1 in Evocations
 58048 | Vaults:5 | Identified the cursed +0 scythe of Spite {distort, +Blink}
 58315 | Vaults:5 | Identified the Almanac of the Traveller and Air
 58326 | Vaults:5 | Got a smoking falchion
 58400 | Vaults:5 | Noticed a juggernaut
 58400 | Vaults:5 | a juggernaut changed into a caustic shrike
 58560 | Vaults:5 | Identified Sif Muna's Reference Book on Stones and
                  | Intoxication
 58780 | Vaults:5 | Got a silver rune of Zot
 58922 | Vaults:5 | Identified the cursed +1 falchion of the Egg {drain, Str+4}
                  | (You found it on level 5 of the Vaults)
 59021 | Vaults:5 | Got a twisted hand crossbow
 59022 | Vaults:5 | Identified the +4 hand crossbow of Recklessness {penet,
                  | *Drain rF++ rN+++} (You found it on level 5 of the Vaults)
 59721 | Tomb:1   | Lost mutation: You occasionally shout uncontrollably at
                  | your foes. [potion of mutation]
 59721 | Tomb:1   | Lost mutation: Your natural rate of healing is unusually
                  | fast. [potion of mutation]
 59721 | Tomb:1   | Gained mutation: You are surrounded by a mild repulsion
                  | field. (EV +2) [potion of mutation]
 59721 | Tomb:1   | Gained mutation: You are resistant to hostile enchantments.
                  | (MR+) [potion of mutation]
 59721 | Tomb:1   | Gained mutation: You are partially covered in icy blue
                  | scales. (AC +2) [potion of mutation]
 60170 | Tomb:2   | Noticed a greater mummy
 60188 | Tomb:2   | Killed a greater mummy
 60188 | Tomb:2   | Reached skill level 5 in Stealth
 60193 | Tomb:2   | Noticed a greater mummy
 60223 | Tomb:2   | Killed a greater mummy
 60227 | Tomb:2   | Noticed a greater mummy
 60236 | Tomb:2   | Noticed a greater mummy
 60239 | Tomb:2   | Killed a greater mummy
 60248 | Tomb:2   | Killed a greater mummy
 61083 | Tomb:3   | Entered Level 3 of the Tomb of the Ancients
 61101 | Tomb:3   | Reached skill level 5 in Evocations
 61118 | Tomb:3   | Noticed a greater mummy
 61119 | Tomb:3   | Noticed a greater mummy
 61130 | Tomb:3   | Noticed a greater mummy
 61138 | Tomb:3   | Killed a greater mummy
 61139 | Tomb:3   | Noticed an ancient lich
 61143 | Tomb:3   | Killed an ancient lich
 61147 | Tomb:3   | Killed a greater mummy
 61152 | Tomb:3   | Noticed a greater mummy
 61153 | Tomb:3   | Noticed a greater mummy
 61161 | Tomb:3   | Killed a greater mummy
 61164 | Tomb:3   | Killed a greater mummy
 61169 | Tomb:3   | Noticed a greater mummy
 61171 | Tomb:3   | Noticed a greater mummy
 61174 | Tomb:3   | Killed a greater mummy
 61176 | Tomb:3   | Killed a greater mummy
 61177 | Tomb:3   | Noticed a greater mummy
 61184 | Tomb:3   | Killed a greater mummy
 61191 | Tomb:3   | Killed a greater mummy
 61191 | Tomb:3   | Reached skill level 10 in Dodging
 61516 | Tomb:3   | Got a pitted falchion
 61518 | Tomb:3   | Identified the +6 falchion "Epnuen" {freeze, rF+} (You
                  | found it on level 3 of the Tomb of the Ancients)
 61813 | Tomb:3   | Got a golden rune of Zot
 61828 | Tomb:3   | Found the +9 sword of Zonguldrok {reap}
 61873 | Tomb:3   | Identified the Handbook of Creation and Enchantment
 61964 | Tomb:3   | Acquired a +2 pair of boots of running
 62060 | Tomb:3   | Learned a level 5 spell: Aura of Abjuration
 62070 | Tomb:3   | Learned a level 9 spell: Tornado
 62079 | Tomb:3   | Learned a level 6 spell: Darkness
 62122 | Zig:1    | Entered Level 1 of a ziggurat
 62215 | Zig:2    | Entered Level 2 of a ziggurat
 62228 | Zig:2    | Reached skill level 1 in Hexes
 62293 | Zig:3    | Entered Level 3 of a ziggurat
 62296 | Zig:3    | Noticed Faibath the pandemonium lord
 62306 | Zig:3    | Killed Faibath the pandemonium lord
 62372 | Zig:4    | Entered Level 4 of a ziggurat
 62426 | Zig:5    | Entered Level 5 of a ziggurat
 62432 | Zig:5    | Found the macabre finger necklace {rN+}
 62471 | Zig:5    | Got a shimmering long sword
 62473 | Zig:6    | Entered Level 6 of a ziggurat
 62474 | Zig:6    | Identified the +8 long sword of Zasiburgh {vamp, +Rage
                  | Int+5} (You found it on level 5 of a ziggurat)
 62529 | Zig:6    | Got a slimy battleaxe
 62541 | Zig:6    | Identified the +4 battleaxe "Ugixoint" {vorpal, Fragile rN+
                  | Int+2 Dex+3} (You found it on level 6 of a ziggurat)
 62656 | Zig:7    | Entered Level 7 of a ziggurat
 62747 | Zig:8    | Entered Level 8 of a ziggurat
 62756 | Zig:8    | Noticed Putseg the pandemonium lord
 62770 | Zig:8    | Killed from afar by Putseg the pandemonium lord

Illustrated notes

Levels and vault maps discovered:
D:1:      ldierk_walled_garden, layout_rooms, glass_columns_c
D:2:      layout_loops_ring, uniq_natasha
D:3:      layout_loops_ring, yredelemnul_forgotten_temple_becter,
          grunt_temple_overflow_open, first_ration, minivault_23
D:4:      layout_loops_ring, makhleb_grotto_becter,
          minmay_temple_entry_stoned_glass, minmay_crystal_room
D:5:      layout_basic, gup_sewer_entry_bubbles, serial_glass, glass_columns_a,
          glass_columns_c, uniq_menkaure, uniq_edmund
D:6:      layout_cave_pools
D:7:      layout_basic, lemuel_crystal_altar, uniq_joseph
D:8:      layout_rooms, kennysheep_little_box, basic_altar
D:9:      layout_basic, lair_entry_dummy
D:10:     layout_roguey, serial_shops, kennysheep_mini, grunt_livestock,
          minmay_fractal_squares_5, uniq_erolcha
D:11:     argonaut_augean_stables, layout_loops_ring, trog_wizard,
          uniq_josephine
D:12:     layout_loops_ring, hiddenorc1_lemuel, serial_undead, serial_undead_f,
          serial_undead_e, serial_undead_f, serial_undead_d, basic_altar,
          uniq_nergalle
D:13:     layout_loops_ring, david_vaults_2, fedhas_altar_decomposition
D:14:     layout_cross, grunt_dithmenos_shadows, minmay_misc_feat_x,
          library_closet
D:15:     gammafunk_depths_entry_grave, layout_cave_pods,
          hangedman_decor_growths, nicolae_tso_swordbearing_angel
Temple:   nicolae_temple_figure_eight
Lair:1:   layout_regular_city, serial_bayou_shore_a
Lair:2:   layout_hall_layers, nicolae_swamp_entry_splash_gauntlet,
          spider_nest_entry_a, chequers_serial_rivers_large_a
Lair:3:   layout_small_grid, grunt_megastairs_1
Lair:4:   layout_long_grid, portal_ice_cave_entry_pillars_1
Lair:5:   layout_big_grid, minivault_11, lemuel_fruit_fields
Lair:6:   gammafunk_lair_ancient_temple, layout_misc_corridors,
          minmay_slime_entry_eyes
Swamp:1:  layout_basic_swamp, serial_swamp_ruin, evilmike_swamp_ruin_rubble_1,
          evilmike_swamp_ruin_house_1, evilmike_swamp_ruin_house_5
Swamp:2:  layout_basic_swamp, evilmike_swamp_ruin_wall
Swamp:3:  layout_falls_marsh, nicolae_swamp_dense_foliage, swamp_pool5,
          uniq_aizul
Swamp:4:  swamp_icy, layout_basic_swamp, swamp_pool3,
          nicolae_swamp_trees_clearing, infiniplex_staircase_pool
Spider:1: nicolae_spider_mines_1, drop_trap
Spider:2: layout_spider_delve
Spider:3: layout_spider_delve
Spider:4: grunt_spider_rune_parallel
Orc:1:    layout_caves, mines1_david, uniq_harold
Orc:2:    grunt_orc_gardens, layout_diamond_mine, grunt_orc_garden,
          grunt_orc_garden, grunt_orc_garden, grunt_orc_garden, uniq_saint_roka
Elf:1:    layout_loops_cross
Elf:2:    layout_loops_corners, uniq_donald, uniq_roxanne
Elf:3:    grunt_elf_hall_branching, layout_rooms, serial_shops, shop_fountains
Vaults:1: nicolae_vaults_specimen_jars, v_misc_29, nicolae_vaults_display_case,
          nicolae_vaults_rhombus_5, grunt_vaults_focal,
          nicolae_vaults_little_squares_4, nicolae_vaults_diagonal_hallway_8,
          layout_vaults_big_room
Vaults:2: vaults_room_large_hall, hangedman_vaults_restitches,
          grunt_vaults_bifocal, grunt_vaults_twisty, v_misc_12, v_misc_25,
          hangedman_vaults_river_flow, v_misc_23, vaults_mumra_hex,
          ontoclasm_vaults_twist, ontoclasm_vaults_pinch, layout_vaults_maze,
          enter_trove_5, portal_desolation_entry_twin_temple
Vaults:3: nicolae_vaults_rhombus_6, v_alt_pattern_5, vaults_room_octagon,
          vaults_dpeg_doors, minmay_crypt_entry_simple_walls, v_misc_27,
          vaults_room_guarded_vault, v_pattern_1,
          nicolae_vaults_ring_of_whatevers, layout_vaults_omnigrid
Vaults:4: grunt_vaults_diagonal, ontoclasm_vaults_misaligned, v_misc_12,
          v_misc_27, v_misc_14, hangedman_vaults_hat,
          nicolae_vaults_ring_of_whatevers, ontoclasm_vaults_shout,
          vaults_standard_mumra_lines, layout_vaults_omnibox
Vaults:5: serial_shops
Crypt:1:  layout_gridlike, grunt_crypt_arrival_split
Crypt:2:  layout_gridlike, grunt_megastairs_4
Crypt:3:  church_of_pain_bobbens, layout_chaotic_city
Tomb:1
Tomb:2
Tomb:3
Zig:8:    ziggurat_pillar_abc, ziggurat_pillar_abc, ziggurat_pillar_abc,
          ziggurat_pillar_abc

Skill      XL: |  1  2  3  4  5  6  7  8  9 10 11 12 13 14 15 16 17 18 19 20 21 22 23 24 25 26 27 |
---------------+----------------------------------------------------------------------------------+-----
Conjurations   | 1 2 3 4 5 6 |  6.0
Fire Magic     | 1 2 3 5 |  5.0
Air Magic      | 1 2 5 |  5.5
Fighting       | 1 4 7 10 12 | 12.5
Armour         | 1 4 7 10 12 | 12.4
Dodging        | 2 4 6 8 10 | 10.3
Shields        | 3 4 13 15 16 | 16.8
Necromancy     | 6 9 12 14 15 17 18 19 | 19.0
Earth Magic    | 5 9 13 17 18 19 20 27 | 27.0
Spellcasting   | 5 7 12 15 16 | 16.0
Transmutations | 7 11 14 16 17 19 | 19.0
Ice Magic      | 5 6 |  6.0
Charms         | 5 6 |  6.0
Stealth        | 9 |  9.9
Evocations     | 8 |  8.0
Hexes          | 3 |  3.4
Summonings     | 3 |  3.0
Translocations | |  0.8

Action                   |  1- 3 |  4- 6 |  7- 9 | 10-12 | 13-15 | 16-18 | 19-21 | 22-24 | 25-27 || total
-------------------------+-------+-------+-------+-------+-------+-------+-------+-------+-------++-------
Melee: Short sword       |    20 |    21 |       |       |       |       |       |       |   145 ||   186
       Dagger            |       |    49 |   128 |       |       |       |       |       |       ||   177
       Unarmed           |       |       |     7 |       |       |       |       |       |       ||     7
       Trident           |       |       |    61 |    58 |     6 |       |       |       |       ||   125
       Whip              |       |       |     3 |       |       |       |       |       |       ||     3
       Dire flail        |       |       |    54 |   320 |   586 |   100 |       |       |       ||  1060
       Kick              |       |       |       |       |    71 |       |       |       |       ||    71
       Falchion          |       |       |       |       |       |   357 |   406 |   385 |       ||  1148
       Scimitar          |       |       |       |       |       |     2 |       |       |       ||     2
       Great sword       |       |       |       |       |       |       |       |       |    92 ||    92
 Fire: Shortbow          |       |       |    27 |    32 |   148 |    24 |    23 |       |       ||   254
       Hunting sling     |       |       |    28 |    29 |       |       |       |       |       ||    57
Throw: Stone             |     3 |     9 |       |       |       |       |       |       |       ||    12
       Dart              |       |       |       |     3 |       |       |       |       |       ||     3
       Throwing net      |       |       |       |       |       |       |       |       |     2 ||     2
 Cast: Magic Dart        |    68 |    98 |   121 |    31 |    57 |     2 |     4 |       |       ||   381
       Mephitic Cloud    |     1 |     7 |    29 |    74 |   102 |    75 |     1 |       |       ||   289
       Conjure Flame     |       |     1 |    25 |    33 |    99 |    32 |    20 |       |       ||   210
       Borgnjor's Vile C |       |       |       |    34 |   205 |   287 |   325 |   288 |   184 ||  1323
       Dispel Undead     |       |       |       |    10 |     6 |    29 |    18 |    40 |    47 ||   150
       Sublimation of Bl |       |       |       |     2 |     6 |    41 |    29 |     3 |    15 ||    96
       Vampiric Draining |       |       |       |       |       |     5 |       |       |       ||     5
       Bolt of Magma     |       |       |       |       |       |     1 |     4 |       |     8 ||    13
       Necromutation     |       |       |       |       |       |       |     1 |    38 |    53 ||    92
       Shroud of Golubri |       |       |       |       |       |       |       |     3 |     3 ||     6
       Shatter           |       |       |       |       |       |       |       |       |    60 ||    60
Invok: Receive Necronomi |       |       |       |     1 |       |       |       |       |       ||     1
       Renounce Religion |       |       |       |     1 |       |       |       |       |       ||     1
       Potion Petition   |       |       |       |       |       |       |     4 |       |    14 ||    18
       Call Merchant     |       |       |       |       |       |       |       |       |     5 ||     5
 Abil: Dig               |     2 |     4 |    29 |    16 |    48 |     7 |       |    11 |       ||   117
       End Transformatio |       |       |       |       |       |       |       |       |    10 ||    10
Evoke: Wand              |       |       |     1 |     1 |       |       |       |       |       ||     2
       Figurine of a zig |       |       |       |       |       |       |       |       |     1 ||     1
  Use: Scroll            |       |     3 |     2 |       |    15 |    14 |     7 |     2 |     8 ||    51
       Potion            |       |       |     1 |       |    10 |     1 |     1 |     2 |     2 ||    17
 Stab: Sleeping          |       |     2 |       |       |     2 |     1 |       |     1 |     1 ||     7
       Confused          |       |     2 |     3 |    14 |    17 |    13 |     1 |       |       ||    50
       Distracted        |       |       |       |       |     1 |     2 |     3 |     1 |     1 ||     8
       Held in net/web   |       |       |       |       |       |       |       |       |     1 ||     1
  Eat: Chunk             |     2 |     8 |    19 |    37 |       |       |       |       |       ||    66
       Ration            |       |       |     1 |     2 |    23 |     9 |     7 |     5 |     4 ||    51
Armor: Robe              |    10 |     7 |    23 |       |    18 |       |       |       |       ||    58
       Leather armour    |       |       |     1 |    48 |    59 |       |       |       |       ||   108
       Ring mail         |       |       |       |       |    22 |   230 |   153 |   156 |   170 ||   731
       Steam dragon scal |       |       |       |       |    20 |       |       |       |       ||    20
Dodge: Dodged            |    23 |    45 |   145 |   185 |   388 |   423 |   257 |   165 |   211 ||  1842
Block: Buckler           |       |       |     7 |    51 |   119 |    14 |       |       |       ||   191
       Tower shield      |       |       |       |       |       |   604 |   547 |   443 |   410 ||  2004
       Rpst.: Falchion   |       |       |       |       |       |    57 |    63 |    37 |       ||   157
       Scimitar          |       |       |       |       |       |     1 |       |       |       ||     1
       Great sword       |       |       |       |       |       |       |       |       |    21 ||    21
